 Dungeon Crawl Stone Soup version 0.20-a0-1126-g0f15420 (webtiles) character file.

163 Lexie the Firebug (level 5, -6/31 HPs)
             Began as an Octopode Fire Elementalist on May 17, 2017.
             Killed by divine providence
             ... invoked by an orc priest
              (12 damage)
             ... on level 4 of the Dungeon.
             The game lasted 00:04:05 (3506 turns).

Lexie the Firebug (Octopode Fire Elementalist)      Turns: 3506, Time: 00:04:06

Health: -6/31      AC:  1    Str:  7    XL:     5   Next: 44%
Magic:  1/10       EV: 13    Int: 19    God:
Gold:   248        SH:  2    Dex: 12    Spells: 5/11 levels left

rFire    . . .     SeeInvis .   l - +0 dagger
rCold    . . .     Gourm    .   (no shield)
rNeg     . . .     Faith    .   (helmet restricted)
rPois    .         Spirit   .   i - +2 amulet of reflection
rElec    .         Reflect  +   (no ring)
rCorr    .         Harm     .   (no ring)
MR       .....                  (no ring)
Stlth    +++.......             (no ring)
Regen    0.1/turn               (no ring)
MPRegen  0.2/turn               (no ring)
                                (no ring)
                                (no ring)

@: no status effects
A: almost no armour, stealthy swim, amphibious, 8 rings, constrict 8, camouflage
1, gelatinous body 1
a: no special abilities


You were on level 4 of the Dungeon.
You were not hungry.

You visited 1 branch of the dungeon, and saw 4 of its levels.

You collected 248 gold pieces.

Inventory:

Hand Weapons
 l - a +0 dagger (weapon)
Jewellery
 i - a +2 amulet of reflection (around mantle)
Wands
 q - a wand of flame (36/48)
Scrolls
 c - 6 scrolls of remove curse {unknown}
 d - a scroll of enchant weapon {unknown}
 e - a scroll of immolation {unknown}
 h - 3 scrolls of identify {unknown}
 m - 3 scrolls of amnesia {unknown}
 t - a scroll of blinking {unknown}
Potions
 j - a potion of flight {unknown}
 k - a potion of invisibility {unknown}
 n - a potion of berserk rage
 o - a potion of haste {unknown}
 r - a potion of curing {unknown}
 s - a potion of mutation {unknown}
Books
 a - a book of Flames

   Spells                             Type                      Level
   a - Flame Tongue                   Conjuration/Fire             1
   b - Throw Flame                    Conjuration/Fire             2
   c - Conjure Flame                  Conjuration/Fire             3
   d - Inner Flame                    Hexes/Fire                   3
   e - Sticky Flame                   Conjuration/Fire             4
   f - Fireball                       Conjuration/Fire             5
Comestibles
 b - 4 bread rations
 f - 3 royal jellies
 g - a fruit
 p - 4 chunks of flesh


   Skills:
 - Level 2.0 Dodging
 - Level 2.6 Stealth
 * Level 3.6 Spellcasting
 * Level 2.9 Conjurations
 + Level 3.8 Fire Magic


You had 5 spell levels left.
You knew the following spells:

 Your Spells              Type           Power        Failure   Level  Hunger
a - Flame Tongue          Conj/Fire      ###..        3%          1    None
b - Throw Flame           Conj/Fire      ###...       5%          2    ##.....
c - Conjure Flame         Conj/Fire      ###.....     11%         3    ###....


Dungeon Overview and Level Annotations

Branches:
Dungeon (4/15)
 Temple: D:4-7

Altars:


Innate Abilities, Weirdness & Mutations

You cannot wear most types of armour.
You are very stealthy in the water. (Stealth+)
You are amphibious.
You can wear up to eight rings at the same time.
You can use your tentacles to constrict eight enemies at once.
Your skin changes colour to match your surroundings (Stealth+).
Your rubbery body absorbs attacks. (AC +1, EV +1)


Message History

You constrict the orc priest.
The orc priest calls down the wrath of Beogh upon you.
Pain shoots through your body! The orc priest closely misses you.
You hit the quokka skeleton. You grab the quokka skeleton.
The quokka skeleton is moderately damaged.
You constrict the quokka skeleton. You constrict the orc priest.
You block the orc priest's attack. The quokka skeleton closely misses you.
The orc priest hits you.
You hit the quokka skeleton.
The quokka skeleton is almost destroyed.
You constrict the quokka skeleton.
You destroy the quokka skeleton!
You constrict the orc priest.
The orc priest calls upon Beogh to heal the orc priest.
The orc priest is healed somewhat.
The orc priest hits you.
* * * LOW HITPOINT WARNING * * *
You release your grip on the orc priest.
The orc priest invokes the aid of Beogh against you.
Beogh smites you!
You die...

...#
#.........########
..
........#......(.^.#
#######.#..........#
#............##
###...........#
#.(.........#
#...........#
#...........#
####@#......#
#o..#......#
#o###......# ..o
#......# ####
#..Z...# ......#


You could see 2 orc priests and an orc.

Vanquished Creatures
  An orc priest (D:4)
  Crazy Yiuf (D:3)
  2 adders (D:4)
  2 worms (D:3)
  2 dart slugs
  4 leopard geckos
  2 orcs
  A ball python (D:2)
  4 giant cockroaches
  4 goblins
  3 hobgoblins
  10 jackals
  A quokka (D:3)
  8 bats
  8 frilled lizards
  9 kobolds
  A quokka skeleton (D:4)
  12 rats
75 creatures vanquished.

Notes
Turn   | Place    | Note
-------+----------+-------------------------------------------
     0 | D:1      | Lexie the Octopode Fire Elementalist began the quest for the Orb.
     0 | D:1      | Reached XP level 1. HP: 11/11 MP: 3/3
   152 | D:1      | Reached XP level 2. HP: 17/17 MP: 3/5
   540 | D:1      | Learned a level 2 spell: Throw Flame
   927 | D:1      | Reached XP level 3. HP: 15/21 MP: 1/6
  2501 | D:3      | Reached XP level 4. HP: 26/27 MP: 5/8
  3191 | D:3      | Found a runed door.
  3199 | D:3      | Learned a level 3 spell: Conjure Flame
  3199 | D:3      | Noticed Crazy Yiuf
  3206 | D:3      | Killed Crazy Yiuf
  3323 | D:4      | Reached XP level 5. HP: 28/31 MP: 5/10
  3506 | D:4      | Killed from afar by an orc priest

Vault maps used:
D:1:      roderic_octagonal_star, hex_medium
D:2:      kennysheep_pointless_box, minmay_misc_feat_five
D:3:      first_bread, uniq_crazy_yiuf_cottage

Skill      XL: |  1  2  3 |
---------------+----------+-----
Spellcasting   | 3 |  3.6
Conjurations   | 2 |  2.9
Dodging        | |  2.0
Stealth        | |  2.6
Fire Magic     | |  3.8

Action                   |  1- 3 |  4- 6 || total
-------------------------+-------+-------++-------
Melee: Dagger            |    23 |    39 ||    62
       Constrict         |     7 |    13 ||    20
       Tentacles         |     1 |     6 ||     7
 Cast: Flame Tongue      |    62 |    25 ||    87
       Throw Flame       |     2 |    11 ||    13
 Stab: Sleeping          |     1 |     1 ||     2
  Eat: Chunk             |     5 |     4 ||     9
Armor: Skin              |     2 |     7 ||     9
Dodge: Dodged            |    25 |    41 ||    66
Block: Other             |     2 |     2 ||     4
